 Dungeon Crawl Stone Soup version 0.28-a0-406-g4bac719ec2 (webtiles) character file.

Game seed: 16041245362471232721

196 Gargoyl the Skirmisher (level 5, -5/70 HPs)
             Began as a Gnoll Abyssal Knight on Sept 5, 2021.
             Was a Believer of Lugonu.
             Slain by Blork the orc (11 damage)
             ... on level 4 of the Dungeon.
             The game lasted 00:04:37 (3596 turns).

Gargoyl the Skirmisher (Gnoll Abyssal Knight)       Turns: 3596, Time: 00:04:38

Health: -5/70      AC: 22    Str: 12    XL:     5   Next: 74%
Magic:  8/8        EV:  2    Int: 11    God:    Lugonu [**....]
Gold:   140        SH:  0    Dex: 12    Spells: 7/7 levels left

rFire   . . .      SeeInvis .   a - +1 hand axe
rCold   . . .      Faith    .   (no shield)
rNeg    + + +      Spirit   .   (armour currently unavailable)
rPois   +          Reflect  .   (helmet currently unavailable)
rElec   .          Harm     .   (cloak currently unavailable)
rCorr   .          Rampage  .   (gloves currently unavailable)
Will    .....      NoTele   +   (boots currently unavailable)
Stlth   ++........              (no amulet)
HPRegen 0.21/turn               (no ring)
MPRegen 0.11/turn               (no ring)

@: tree-form (expiring), attractive, hasted, very quick
A: stationary, stasis, torment immunity, boosted hp, (fangs 1), strong nose,
distributed training
a: Renounce Religion, Depart the Abyss, Bend Space


You were on level 4 of the Dungeon.
You worshipped Lugonu.
Lugonu was pleased with you.
You were a tree.
You visited 1 branch of the dungeon, and saw 4 of its levels.
You visited the Abyss 1 time.

You collected 140 gold pieces.

Inventory:

Hand Weapons
 a - a +1 hand axe (weapon)
Armour
 b - a +0 pair of gloves (melded)
 c - a +0 chain mail (melded)
Scrolls
 k - a scroll of fog
 l - a scroll of teleportation


   Skills:
 + Level 6.7 Fighting
 + Level 1.6 Short Blades
 + Level 1.6 Long Blades
 + Level 4.8 Axes
 + Level 1.6 Maces & Flails
 + Level 1.6 Polearms
 + Level 1.6 Staves
 + Level 1.6 Slings
 + Level 1.6 Bows
 + Level 1.6 Crossbows
 + Level 1.6 Throwing
 + Level 4.8 Armour
 + Level 3.0 Dodging
 + Level 1.6 Stealth
 + Level 1.6 Shields
 + Level 1.6 Unarmed Combat
 + Level 1.6 Spellcasting
 + Level 1.3 Conjurations
 + Level 1.3 Hexes
 + Level 1.3 Summonings
 + Level 1.3 Necromancy
 + Level 1.3 Translocations
 + Level 1.3 Transmutations
 + Level 1.3 Fire Magic
 + Level 1.3 Ice Magic
 + Level 1.3 Air Magic
 + Level 1.3 Earth Magic
 + Level 1.3 Poison Magic
 + Level 4.9 Invocations
 + Level 1.6 Evocations


You had 7 spell levels left.
You didn't know any spells.
Your spell library contained the following spells:

 Spells                   Type           Power      Damage    Failure   Level
 Shock                    Conj/Air       12%        1d3       19%         1
 Swiftness                Air            3%         N/A       47%         3
 Airstrike                Air            1%         N/A       87%         4


Dungeon Overview and Level Annotations

Branches:
Dungeon (4/15)
 Temple: D:4-7

Altars:
Sif Muna
Vehumet

Annotations:
D:4 Blork the orc


Innate Abilities, Weirdness & Mutations

You are a tree.
Your roots penetrate the ground, keeping you stationary.
You cannot be teleported.
You are immune to unholy pain and torment.
Your maximum health is greatly increased.
Your equipment is partially melded.
((You have very sharp teeth.))
Your uncanny sense of smell can sniff out nearby items.
Your experience applies equally to all skills.


Message History

Blork the orc is heavily wounded.
Blork the orc hits you with a +0 battleaxe.
* * * LOW HITPOINT WARNING * * *
You hit Blork the orc but do no damage.
Blork the orc is heavily wounded.
Blork the orc hits you with a +0 battleaxe.
* * * LOW HITPOINT WARNING * * *
You closely miss Blork the orc.
Blork the orc is heavily wounded.
Blork the orc hits you but does no damage.
You hit Blork the orc.
Blork the orc is severely wounded.
You completely miss Blork the orc.
Blork the orc is severely wounded.
Your transformation is almost over.
Blork the orc hits you with a +0 battleaxe.
* * * LOW HITPOINT WARNING * * *
You hit Blork the orc.
Blork the orc is almost dead.
Blork the orc hits you but does no damage.
You hit Blork the orc.
Blork the orc is almost dead.
You closely miss Blork the orc.
Blork the orc is almost dead.
Blork the orc points at you and mumbles some strange words.
The puff of flame hits you.
* * * LOW HITPOINT WARNING * * *
You hit Blork the orc but do no damage.
Blork the orc is almost dead.
Blork the orc hits you but does no damage.
You hit Blork the orc.
Blork the orc is almost dead.
Blork the orc mumbles some strange words.
Blork the orc seems to speed up.
You hit Blork the orc.
Blork the orc is almost dead.
You completely miss Blork the orc.
Blork the orc is almost dead.
Blork the orc hits you with a +0 battleaxe!
You die...

#.# ######### #.#
#.......# #.# #####
#.......# #.#
.....#####.......###.###
...............>'...#..
###.............#####.#
#...............# #.#
#....)♣.........# #.#
#)...o###.......# #.#
#..... #.......# #.#
....... #####'### #.#
.?..... #.# #.. ....###
#.# ### .... #.# # ###
#.# # #.# #


You could see Blork the orc (fast).

Vanquished Creatures
  A water moccasin skeleton (D:3)
  Terence (D:3)
  4 adders (D:2)
  An adder skeleton (D:4)
  2 worms (D:3)
  A dart slug (D:2)
  4 orcs
  7 bats
  3 endoplasms (D:1)
  7 giant cockroaches
  9 goblins
  5 hobgoblins
  7 kobolds
  3 ball pythons
  3 frilled lizards (D:1)
  11 rats
69 creatures vanquished.

Notes
Turn   | Place    | Note
-------+----------+-------------------------------------------
     0 | Abyss:1  | Gargoyl the Gnoll Abyssal Knight began the quest for the
                  | Orb.
     0 | Abyss:1  | Reached XP level 1. HP: 23/23 MP: 3/3
    28 | Abyss:2  | Noticed a ynoxinul
    31 | D:1      | Escaped the Abyss
   355 | D:1      | Reached XP level 2. HP: 29/29 MP: 5/5
   362 | D:1      | Reached * piety under Lugonu
   696 | D:1      | Reached XP level 3. HP: 35/35 MP: 6/6
  1413 | D:2      | Reached skill level 1 in Short Blades
  1413 | D:2      | Reached skill level 1 in Long Blades
  1413 | D:2      | Reached skill level 1 in Maces & Flails
  1413 | D:2      | Reached skill level 1 in Polearms
  1413 | D:2      | Reached skill level 1 in Staves
  1413 | D:2      | Reached skill level 1 in Slings
  1413 | D:2      | Reached skill level 1 in Bows
  1413 | D:2      | Reached skill level 1 in Crossbows
  1413 | D:2      | Reached skill level 1 in Throwing
  1413 | D:2      | Reached skill level 1 in Stealth
  1413 | D:2      | Reached skill level 1 in Shields
  1413 | D:2      | Reached skill level 1 in Unarmed Combat
  1413 | D:2      | Reached skill level 1 in Spellcasting
  1413 | D:2      | Reached skill level 1 in Evocations
  1485 | D:2      | Reached ** piety under Lugonu
  1610 | D:2      | Reached XP level 4. HP: 41/41 MP: 7/7
  2153 | D:2      | Reached skill level 1 in Conjurations
  2153 | D:2      | Reached skill level 1 in Hexes
  2153 | D:2      | Reached skill level 1 in Summonings
  2153 | D:2      | Reached skill level 1 in Necromancy
  2153 | D:2      | Reached skill level 1 in Translocations
  2153 | D:2      | Reached skill level 1 in Transmutations
  2153 | D:2      | Reached skill level 1 in Fire Magic
  2153 | D:2      | Reached skill level 1 in Ice Magic
  2153 | D:2      | Reached skill level 1 in Air Magic
  2153 | D:2      | Reached skill level 1 in Earth Magic
  2153 | D:2      | Reached skill level 1 in Poison Magic
  2807 | D:3      | Reached XP level 5. HP: 39/47 MP: 8/8
  2876 | D:3      | Found a faded altar of an unknown god.
  3058 | D:3      | Noticed Terence
  3079 | D:3      | Killed Terence
  3216 | D:3      | Found a radiant altar of Vehumet.
  3217 | D:3      | Found a shimmering blue altar of Sif Muna.
  3555 | D:4      | Noticed Blork the orc
  3569 | D:4      | HP: 2/47 [Blork the orc/puff of flame (8)]
  3596 | D:4      | Slain by Blork the orc

Illustrated notes

Levels and vault maps discovered:
D:1:      sevenhm_arrival_forest_fort_large_1, layout_basic,
          wander_ebering_terrifying_dragon_lair
D:2:      layout_loops_corners, grunt_decor_arrowhead, kennysheep_doodads,
          item_on_display_a
D:3:      layout_basic, gammafunk_temple_overflow_pools,
          dreamdust_ecumenical_altar_statues, uniq_terence
D:4:      layout_basic, uniq_edmund, uniq_eustachio, uniq_blork_the_orc

Skill      XL: |  1  2  3  4 |
---------------+-------------+-----
Short Blades   | 1 |  1.6
Long Blades    | 1 |  1.6
Maces & Flails | 1 |  1.6
Polearms       | 1 |  1.6
Staves         | 1 |  1.6
Slings         | 1 |  1.6
Bows           | 1 |  1.6
Crossbows      | 1 |  1.6
Throwing       | 1 |  1.6
Stealth        | 1 |  1.6
Shields        | 1 |  1.6
Unarmed Combat | 1 |  1.6
Spellcasting   | 1 |  1.6
Evocations     | 1 |  1.6
Conjurations   | 1 |  1.3
Hexes          | 1 |  1.3
Summonings     | 1 |  1.3
Necromancy     | 1 |  1.3
Translocations | 1 |  1.3
Transmutations | 1 |  1.3
Fire Magic     | 1 |  1.3
Ice Magic      | 1 |  1.3
Air Magic      | 1 |  1.3
Earth Magic    | 1 |  1.3
Poison Magic   | 1 |  1.3
Dodging        | 3 |  3.0
Fighting       | |  6.7
Axes           | |  4.8
Armour         | |  4.8
Invocations    | |  4.9

Action                   |  1- 3 |  4- 6 || total
-------------------------+-------+-------++-------
Melee: Hand axe          |   123 |   141 ||   264
       Bite              |     8 |    10 ||    18
Invok: Depart the Abyss  |     1 |       ||     1
  Use: Scroll            |     2 |     2 ||     4
       Potion            |       |     9 ||     9
Armor: Chain mail        |    96 |    85 ||   181
       Skin              |       |    10 ||    10
Dodge: Dodged            |    41 |    46 ||    87

Table legend: (Time is in decaauts)
 A = Elapsed time spent in this place.
 B = Non-inter-level travel time spent in this place.
 C = Inter-level travel time spent in this place.
 D = Time resting spent in this place.
 E = Time spent auto-exploring this place.
 F = Levels seen in this place.
 G = Mean time per level.
                   A        B        C        D        E       F      G
               +--------+--------+--------+--------+--------+-----+--------+
         Total |   3611 |   3496 |    115 |      0 |   2806 |   6 |  601.8 |
       Dungeon |   3581 |   3466 |    115 |      0 |   2790 |   4 |  895.2 |
         Abyss |     30 |     30 |      0 |      0 |     16 |   2 |   15.0 |
               +--------+--------+--------+--------+--------+-----+--------+

Top non-repeatable levels by time:
     D:1: 1357 daAuts
     D:3: 1143 daAuts
     D:2: 978 daAuts
     D:4: 101 daAuts
 Abyss:2: 22 daAuts
 Abyss:1: 8 daAuts
